 Dungeon Crawl Stone Soup version 0.18.1-48-g4cf74bf (webtiles) character file.

420 tyrion the Sneak (level 6, -3/52 HPs)
             Began as a Naga Wizard on Aug 18, 2016.
             Slain by a big kobold
             ... wielding a +4 short sword
              (8 damage)
             ... on level 3 of the Dungeon.
             The game lasted 00:14:28 (4461 turns).

tyrion the Sneak (Naga Wizard)                      Turns: 4461, Time: 00:14:29

Health: -3/52      AC:  5    Str: 10    XL:     6   Next: 94%
Magic:  2/11       EV: 10    Int: 20    God:
Gold:   99         SH:  0    Dex:  9    Spells: 5 memorised, 2 levels left

rFire  . . .     SeeInvis +     r - +0 spear (freeze)
rCold  . . .     Gourm    .     a - +0 robe
rNeg   . . .     Faith    .     (no shield)
rPois  +         Spirit   .     q - +1 helmet
rElec  .         Dismiss  .     (no cloak)
rCorr  .         Reflect  .     (no gloves)
SustAt .         Harm     .     (no barding)
MR     .....                    (no amulet)
Stlth  ++........               (no ring)
                                (no ring)

@: very slightly contaminated, very slow, not resistant to hostile enchantments,
unstealthy
A: see invisible, deformed body, poison resistance, slowness 2, slow metabolism
1, spit poison 2, AC +2
a: Spit Poison


You were on level 3 of the Dungeon.
You were hungry.

You visited 1 branch of the dungeon, and saw 3 of its levels.

You collected 99 gold pieces.

Inventory:

Hand Weapons
 f - a +1 dagger of venom
 r - a +0 spear of freezing (weapon)
Armour
 a - a +0 robe (worn)
 g - a +0 buckler
 q - a +1 helmet (worn)
Jewellery
 e - a +2 ring of dexterity {unknown}
 k - an uncursed ring of flight {unknown}
Wands
 s - a wand of lightning (10/15)
Scrolls
 j - 2 scrolls of remove curse
Potions
 o - a potion of brilliance
 w - 2 potions of flight
Books
 c - a book of Minor Magic

   Spells                             Type                      Level
   a - Magic Dart                     Conjuration                  1
   b - Blink                          Translocation                2
   c - Call Imp                       Summoning                    2
   d - Repel Missiles                 Charms/Air                   2
   e - Slow                           Hexes                        2
   f - Conjure Flame                  Conjuration/Fire             3
   g - Mephitic Cloud                 Conjuration/Poison/Air       3
Comestibles
 b - a meat ration
 d - 3 bread rations
 u - 2 slices of pizza
 v - 5 fruits


   Skills:
 + Level 2.1 Fighting
 * Level 2.0 Polearms
 + Level 2.7 Dodging
 + Level 3.9 Stealth
 + Level 3.7 Spellcasting
 * Level 3.6 Conjurations
 - Level 1.0 Summonings
 - Level 1.0 Translocations
 - Level 1.7 Air Magic
 - Level 1.0 Poison Magic


You had 2 spell levels left.
You knew the following spells:

 Your Spells              Type           Power        Failure   Level  Hunger
a - Magic Dart            Conj           ###.         2%          1    None
b - Blink                 Tloc           N/A          17%         2    ##.....
c - Call Imp              Summ           #.......     17%         2    ##.....
d - Repel Missiles        Chrm/Air       #.....       17%         2    ##.....
e - Mephitic Cloud        Conj/Pois/Air  ##......     17%         3    ###....


Dungeon Overview and Level Annotations

Branches:
Dungeon (3/15)

Altars:
Fedhas
Kikubaaqudgha


Innate Abilities, Weirdness & Mutations

You cannot wear boots.
Your serpentine skin is tough (AC +2).
You have supernaturally acute eyesight.
Armour fits poorly on your strangely shaped body.
Your system is resistant to poisons.
You cover ground very slowly.
You have a slow metabolism.
You can spit poison.


Message History

Casting: Blink
Confirm with . or Enter, or press ? or * to list all spells.
You feel jittery for a moment.
The big kobold is engulfed in noxious fumes.
The big kobold appears confused.
The big kobold hits the hobgoblin but does no damage.
Unknown command.
Unknown command.
Unknown command.
You catch the helpless big kobold completely off-guard!
You hit the big kobold. You freeze the big kobold.
The big kobold is almost dead.
The big kobold is engulfed in noxious fumes.
The big kobold appears confused.
You kill the big kobold!
Your Polearms skill increases to level 2!
A kobold comes into view. It is wielding a whip.
The orc shouts!
The big kobold hits you with an enchanted short sword!
You die...

# ##.# ♣♣.....♣♣ ####
#.# ♣♣.......♣♣ ...#
#.# ♣...._....♣ ##.#
#.# ♣♣.........♣♣
##.# #5#
♣...........♣ ##.#
#.# ♣.♣.......♣.♣
.#.######.# ###
♣♣♣♣♣...♣♣♣♣♣
#.........# #.#
♣♣...♣♣
##..############@#
♣.....♣♣♣♣♣
##....#.o...K.gK#
##..#.#..#[
##.#..###.######
#.##.#...# ##.##..#
#.# #.##.#.##.
##.###.)###.#########
#.##.#.### #.##
#.#..K##.......#
#.##...# #
.#####.##..##.#####.#
#.####.# #
ggo..og#...##.# #.#
#.# #.# #
K#######.#.##.#
#.####.####.###


You could see a big kobold, an orc, a hobgoblin and a kobold.

Vanquished Creatures
  A big kobold (D:3)
  Ijyb (D:3)
  Natasha (thrice) (D:3)
  4 gnolls
  5 adders
  An ooze (D:2)
  2 worms (D:3)
  2 dart slugs
  3 giant geckos
  14 orcs (D:3)
  3 ball pythons
  5 bats
  4 giant cockroaches
  25 goblins
  17 hobgoblins
  3 quokkas
  2 giant newts
  6 kobolds
  4 rats
105 creatures vanquished.

Vanquished Creatures (collateral kills)
  The ghost of Sonofthefire the Sneak, a weakling OpAs (D:3)
  2 gnolls
  An adder (D:2)
  An orc (D:3)
  9 goblins (D:3)
  4 hobgoblins (D:3)
18 creatures vanquished.

Grand Total: 123 creatures vanquished

Notes
Turn   | Place    | Note
--------------------------------------------------------------
     0 | D:1      | tyrion the Naga Wizard began the quest for the Orb.
     0 | D:1      | Reached XP level 1. HP: 15/15 MP: 4/4
   307 | D:1      | Reached XP level 2. HP: 23/24 MP: 6/6
   311 | D:1      | Learned a level 2 spell: Blink
   314 | D:1      | Learned a level 2 spell: Call Imp
   317 | D:1      | Learned a level 2 spell: Repel Missiles
   983 | D:2      | Reached XP level 3. HP: 13/30 MP: 1/7
  1211 | D:2      | Reached skill level 1 in Fighting
  1657 | D:2      | Reached XP level 4. HP: 34/38 MP: 2/8
  1862 | D:2      | Found an ancient bone altar of Kikubaaqudgha.
  1875 | D:2      | Found a blossoming altar of Fedhas.
  2375 | D:3      | Noticed Natasha
  2427 | D:3      | Killed Natasha
  2427 | D:3      | Reached skill level 1 in Air Magic
  2466 | D:3      | Noticed Natasha
  2467 | D:3      | Killed Natasha
  2467 | D:3      | Reached XP level 5. HP: 35/44 MP: 6/10
  2501 | D:3      | Learned a level 3 spell: Mephitic Cloud
  2779 | D:3      | Noticed Natasha
  2796 | D:3      | Killed Natasha
  2958 | D:3      | Reached skill level 1 in Polearms
  3075 | D:3      | Noticed Sonofthefire's ghost (weakling OpAs)
  3312 | D:3      | Reached skill level 1 in Poison Magic
  3333 | D:3      | Found a blossoming altar of Fedhas.
  3401 | D:3      | Killed Sonofthefire's ghost
  3401 | D:3      | Reached XP level 6. HP: 32/52 MP: 1/11
  3501 | D:3      | Noticed Ijyb
  3518 | D:3      | Killed Ijyb
  4461 | D:3      | Slain by a big kobold

Skill      XL: |  1  2  3  4  5  6 |
---------------+-------------------+-----
Conjurations   | 2 3 |  3.6
Fighting       | 1 2 |  2.1
Dodging        | 2 |  2.7
Air Magic      | 1 |  1.7
Polearms       | 1 2 |  2.0
Poison Magic   | 1 |  1.0
Stealth        | |  3.9
Spellcasting   | |  3.7
Summonings     | |  1.0
Translocations | |  1.0

Action                   |  1- 3 |  4- 6 || total
-------------------------+-------+-------++-------
Melee: Dagger            |    82 |    44 ||   126
       Spear             |       |   245 ||   245
 Cast: Magic Dart        |     9 |    13 ||    22
       Call Imp          |     4 |    14 ||    18
       Repel Missiles    |       |     1 ||     1
       Mephitic Cloud    |       |    14 ||    14
       Blink             |       |     2 ||     2
 Abil: Spit Poison       |     1 |       ||     1
Evoke: Wand              |       |     4 ||     4
  Use: Scroll            |       |    10 ||    10
       Potion            |       |     5 ||     5
 Stab: Sleeping          |     1 |     4 ||     5
       Confused          |       |     9 ||     9
  Eat: Chunk             |     1 |    10 ||    11
Armor: Robe              |    17 |    61 ||    78
       Skin              |       |    84 ||    84
Dodge: Dodged            |    59 |   137 ||   196
       Deflected         |       |     1 ||     1
